 Dungeon Sprint DCSS version 0.29.1-2-gbd0b4ee654 (webtiles) character file.

Game seed: 9104664078220334064

9447 Groucho the Imperceptible (level 11, -1/59 HPs)
             Began as a Spriggan Enchanter on Nov 28, 2022.
             Was a Believer of Uskayaw.
             Slain by a tentacle (9 damage)
             ... attached to a kraken
             ... in the Dungeon (Sprint II: "The Violet Keep of Menkaure").
             The game lasted 00:09:54 (694 turns).

Groucho the Imperceptible (Spriggan Enchanter)       Turns: 694, Time: 00:09:55

Health: -1/59      AC:  5    Str:  8    XL:     11   Next: 23%
Magic:  22/28      EV: 25    Int: 17    God:    Uskayaw [**....]
Gold:   1084       SH:  0    Dex: 16    Spells: 24/35 levels left

rFire   . . .      SeeInvis +   a - +1 dagger
rCold   . . .      Faith    .   (no shield)
rNeg    . . .      Spirit   .   j - +3 robe of Hubris {rPois}
rPois   +          Reflect  .   (helmet restricted)
rElec   .          Harm     .   f - scarf {repulsion}
rCorr   .          Rampage  .   (gloves unavailable)
Will    +....      NoTele   +   (boots unavailable)
Stlth   ++++++++..              (no amulet)
HPRegen 0.19/turn               (no ring)
MPRegen 0.21/turn               (no ring)

@: confusing by touch, flying, repel missiles, very quick
A: very small, no large weapons, unfitting armour, see invisible, speed 3
a: Renounce Religion, Stomp, Line Pass


You were in the Dungeon.
You worshipped Uskayaw.
Uskayaw was aware of your devotion.
You visited 1 branch You collected 1792 gold pieces.
You spent 708 gold pieces at shops.

Inventory:

Hand Weapons
 a - a +1 dagger (weapon)
Missiles
 b - a throwing net (quivered)
 m - 3 poisoned darts
Armour
 f - a scarf of repulsion (worn)
 j - the +3 robe of Hubris (worn) {rPois}
   (You bought it in a shop in the Dungeon)

   rPois:     It protects you from poison.
Jewellery
 n - the ring of Moral Flaws {Wiz Str+2}
   (You found it in the Dungeon)

   [ring of wizardry]

   It improves your spell success rate.
   Str:       It affects your strength (+2).
Scrolls
 c - a scroll of immolation {unknown}
 i - a scroll of blinking
 l - a scroll of identify {unknown}
 o - 4 scrolls of acquirement {unknown}
 p - a scroll of fear {unknown}
Potions
 d - 5 potions of curing
 e - a potion of heal wounds
 g - 2 potions of magic
 h - a potion of berserk rage
 k - a potion of flight


   Skills:
 + Level 7.6 Fighting
 - Level 10.0 Short Blades
 + Level 12.4 Dodging
 * Level 22.2 Stealth
 + Level 12.9 Spellcasting
 - Level 15.0 Hexes
 * Level 8.0 Invocations


You had 24 spell levels left.
You knew the following spells:

 Your Spells              Type           Power      Damage    Failure   Level
a - Ensorcelled Hibernat  Hex/Ice        72%        N/A       1%          2
b - Confusing Touch       Hex            58%        N/A       1%          3
c - Dazzling Flash        Conj/Hex       72%        N/A       1%          3
d - Tukima's Dance        Hex            58%        N/A       1%          3

Your spell library contained the following spells:

 Spells                   Type           Power      Damage    Failure   Level
 Summon Guardian Golem    Hex/Summ       36%        N/A       1%          3
 Passwall                 Tmut/Erth      9%         N/A       10%         2
 Swiftness                Air            11%        N/A       19%         3
 Summon Forest            Summ/Tloc      5%         N/A       87%         5
 Eringya's Noxious Bog    Tmut/Pois      5%         N/A       100%        6
 Orb of Destruction       Conj           5%         9d5       100%        7
 Spellforged Servitor     Conj/Summ      5%         N/A       100%        7
 Summon Hydra             Summ           5%         N/A       100%        7


Dungeon Overview and Level Annotations

Branches:
Dungeon (1/1)

Altars:
Cheibriados
Dithmenos
Elyvilon
Fedhas
Gozag
Hepliaklqana
Kikubaaqudgha
Makhleb
Nemelex Xobeh
Okawaru
Qazlal
Ru
Sif Muna
Trog
Uskayaw
Vehumet
Wu Jian
Xom
Yredelemnul
Zin
The Shining One
Jiyva
Lugonu

Shops:
D (=:=!*[=[?:!:![

Annotations:
D exclusion: oklob plant


Innate Abilities, Weirdness & Mutations

You are very small and have problems with some larger weapons.
You are too small for most types of armour.
You have supernaturally acute eyesight. (SInv)
You cover ground extremely quickly. (Speed+++)


Message History

Really walk into a travel-excluded area?
Okay, then.
Really walk into a travel-excluded area?
You feel very buoyant.
You fly up into the air.
Found a club and a short sword.
Found twelve items.
Found 4 stones, 14 gold pieces, a shiny scale mail and a scale mail.
Found six items.
A kraken comes into view.
Casting: Confusing Touch (safe; 1% risk of failure)
Confirm with . or Enter, or press ? or * to list all spells.
Aiming: Ensorcelled Hibernation (safe; 1% risk of failure)
Press: ? - help, Shift-Dir - straight line, f - kraken
Aim: a kraken (water, chance to affect: 29%)
The kraken easily resists.
Casting: Ensorcelled Hibernation (safe; 1% risk of failure)
Confirm with . or Enter, or press ? or * to list all spells.
Aiming: Ensorcelled Hibernation (safe; 1% risk of failure)
Press: ? - help, Shift-Dir - straight line, f/p - kraken
Aim: a kraken (water, chance to affect: 29%)
The kraken looks drowsy...
The helpless kraken fails to defend itself.
You skewer the kraken like a kebab!!!!!
The kraken is severely wounded.
Tentacles burst out of the water!
You can now pass through a line of other dancers. 4 tentacles come into view.
Casting: Ensorcelled Hibernation (safe; 1% risk of failure)
Confirm with . or Enter, or press ? or * to list all spells.
Your hands begin to glow red.
The kraken bites you!!!
Ouch! That really hurt!
* * * LOW HITPOINT WARNING * * *
The tentacle closely misses you. The tentacle slaps you!
* * * LOW HITPOINT WARNING * * *
Unknown command.
You feel much better.
The tentacle slaps you! x2; The kraken bites you!
* * * LOW HITPOINT WARNING * * *
The tentacle slaps you!
You die...

.#††# .##.#
[▓=?:!?$[[▓▓
...####▓?!$()?$[▓▓
#..##.#▓[(?()!([▓▓
'^.#..#▓!?=:$=$$▓▓
#..#..#▓?[[!!!)?▓▓
#..##)#▓!?)((=?)▓▓
##^..##▓▓▓▓▓▓▓+▓▓▓▓+▓
.~~~~~~~~~~~~~..@Xw≈▓
.~#'########+###www≈▓
.~#..._._._#~§§##≈≈≈▓
.~#_._._._.#~~≈≈####▓
~~#._._._._#~§~~≈#
~~#_._._._.#§§S§≈≈
≈~#._._._..#~§§§§≈
≈≈#_._._...#§S§§≈S
≈≈#._._....#§§≈


You could see a kraken and 4 tentacles.

Vanquished Creatures
  A deep elf master archer (D)
  A crystal guardian (D)
  An ice dragon (D)
  2 boulder beetles (D)
  An iron elemental (D)
  2 death drakes (D)
  A merfolk siren (D)
  A yaktaur (D)
  2 unseen horrors (D)
  5 polar bears (D)
  A hornet (D)
  2 wyverns (D)
  2 redbacks (D)
  Menkaure (D)
  3 water moccasins (D)
  2 swamp drakes (D)
  3 black bears (D)
  4 necrophages (D)
  4 scorpions (D)
  A hell rat (D)
  A spectral adder (D)
  A spectral quokka (D)
42 creatures vanquished.

Vanquished Creatures (others)
  A water moccasin (D)
1 creature vanquished.

Grand Total: 43 creatures vanquished

Notes
Turn   | Place    | Note
-------+----------+-------------------------------------------
     0 | D        | Groucho the Spriggan Enchanter began the quest for the Orb.
     0 | D        | Reached XP level 1. HP: 9/9 MP: 5/5
     3 | D        | Noticed a boulder beetle
     3 | D        | Noticed a boulder beetle
     6 | D        | Noticed a merfolk siren
     9 | D        | Noticed a scorpion
     9 | D        | Noticed a scorpion
    11 | D        | Noticed a scorpion
    11 | D        | Noticed a scorpion
    13 | D        | Killed a scorpion
    14 | D        | Reached skill level 9 in Stealth
    14 | D        | Reached skill level 5 in Spellcasting
    14 | D        | Reached skill level 5 in Hexes
    14 | D        | Reached XP level 2. HP: 10/13 MP: 6/9
    14 | D        | Reached XP level 3. HP: 12/16 MP: 6/10
    19 | D        | Killed a scorpion
    20 | D        | Reached skill level 11 in Stealth
    20 | D        | Reached XP level 4. HP: 17/21 MP: 7/13
    23 | D        | Killed a scorpion
    24 | D        | Reached skill level 12 in Stealth
    24 | D        | Reached XP level 5. HP: 19/24 MP: 8/15
    31 | D        | Reached skill level 1 in Fighting
    37 | D        | Reached skill level 13 in Stealth
    37 | D        | Reached XP level 6. HP: 25/30 MP: 9/17
    41 | D        | Reached skill level 5 in Dodging
    42 | D        | Reached skill level 5 in Short Blades
    42 | D        | Reached skill level 14 in Stealth
    49 | D        | Killed a merfolk siren
    50 | D        | Reached skill level 15 in Stealth
    50 | D        | Reached skill level 10 in Hexes
    50 | D        | Reached XP level 7. HP: 30/36 MP: 11/20
    57 | D        | Killed a boulder beetle
    58 | D        | Reached skill level 16 in Stealth
    58 | D        | Reached XP level 8. HP: 36/42 MP: 12/22
    60 | D        | Killed a boulder beetle
    61 | D        | Reached skill level 17 in Stealth
    61 | D        | Reached skill level 10 in Spellcasting
    61 | D        | Reached XP level 9. HP: 40/46 MP: 12/24
   110 | D        | Found Yqoryd's Book Shoppe.
   110 | D        | Found Qiciefro's Distillery.
   110 | D        | Found Kopnotef's Book Emporium.
   110 | D        | Found Menuabb's Distillery.
   110 | D        | Found Soepeynu's Magic Scroll Shoppe.
   114 | D        | Learned a level 2 spell: Ensorcelled Hibernation
   118 | D        | Learned a level 3 spell: Confusing Touch
   122 | D        | Learned a level 3 spell: Dazzling Flash
   126 | D        | Learned a level 3 spell: Tukima's Dance
   126 | D        | Found Varuwn's Antique Armour Shoppe.
   126 | D        | Found Butoi's Jewellery Emporium.
   127 | D        | Found Useots's Antique Armour Shoppe.
   127 | D        | Found Unga Mua's Antique Armour Emporium.
   127 | D        | Found Ileufoek's General Store.
   127 | D        | Noticed Menkaure
   127 | D        | Noticed a cane toad
   187 | D        | Killed Menkaure
   188 | D        | Found Sopa's Distillery.
   188 | D        | Found Doriot's Jewellery Emporium.
   188 | D        | Noticed a cane toad
   188 | D        | Noticed an oklob plant
   189 | D        | Found Goed's Jewellery Shoppe.
   189 | D        | Found Boerriun's Antique Weapon Emporium.
   189 | D        | Found Rierush's Book Shoppe.
   190 | D        | Noticed a hell hog
   205 | D        | Noticed a hell hog
   212 | D        | Noticed a death yak
   222 | D        | Bought a runed scarf for 216 gold pieces
   229 | D        | Bought an opalescent robe for 142 gold pieces
   229 | D        | Identified the +3 robe of Hubris {rPois} (You bought it in
                  | a shop in the Dungeon)
   277 | D        | Found a glowing golden altar of the Shining One.
   277 | D        | Found an ornate altar of the Wu Jian Council.
   278 | D        | Found a shimmering altar of Xom.
   278 | D        | Found a sacrificial altar of Ru.
   279 | D        | Found a basalt altar of Yredelemnul.
   279 | D        | Found a shimmering blue altar of Sif Muna.
   280 | D        | Found a glowing silver altar of Zin.
   280 | D        | Found a bloodstained altar of Trog.
   280 | D        | Found an ancient bone altar of Kikubaaqudgha.
   280 | D        | Found a stormy altar of Qazlal.
   280 | D        | Found a viscous altar of Jiyva.
   281 | D        | Found a hide-covered altar of Uskayaw.
   281 | D        | Found a corrupted altar of Lugonu.
   281 | D        | Found a shadowy altar of Dithmenos.
   282 | D        | Found a radiant altar of Vehumet.
   282 | D        | Found a burning altar of Makhleb.
   282 | D        | Found a white marble altar of Elyvilon.
   283 | D        | Found a sparkling altar of Nemelex Xobeh.
   283 | D        | Found a blossoming altar of Fedhas.
   285 | D        | Found an iron altar of Okawaru.
   285 | D        | Found an opulent altar of Gozag.
   285 | D        | Found a hazy altar of Hepliaklqana.
   285 | D        | Found a snail-covered altar of Cheibriados.
   294 | D        | Became a worshipper of Uskayaw the Reveller
   303 | D        | Noticed a polar bear
   304 | D        | Noticed a polar bear
   305 | D        | Killed a polar bear
   305 | D        | Reached * piety under Uskayaw
   306 | D        | Reached skill level 5 in Fighting
   307 | D        | Killed a polar bear
   307 | D        | Reached ** piety under Uskayaw
   318 | D        | Reached skill level 18 in Stealth
   319 | D        | Reached skill level 10 in Short Blades
   320 | D        | Reached *** piety under Uskayaw
   326 | D        | Noticed a deep elf master archer
   334 | D        | Reached **** piety under Uskayaw
   348 | D        | Noticed a yaktaur
   348 | D        | Noticed a polar bear
   349 | D        | Noticed a polar bear
   349 | D        | Noticed a polar bear
   360 | D        | Killed a polar bear
   366 | D        | Killed a polar bear
   369 | D        | Killed a yaktaur
   370 | D        | Reached skill level 19 in Stealth
   372 | D        | Reached skill level 10 in Dodging
   372 | D        | Reached XP level 10. HP: 47/53 MP: 16/26
   380 | D        | Reached skill level 1 in Invocations
   443 | D        | Noticed a death drake
   444 | D        | Noticed a death drake
   444 | D        | Noticed a crystal guardian
   447 | D        | Killed a crystal guardian
   448 | D        | Killed a death drake
   449 | D        | Reached skill level 20 in Stealth
   450 | D        | Killed a death drake
   451 | D        | Reached skill level 15 in Hexes
   451 | D        | Reached ***** piety under Uskayaw
   469 | D        | Killed a deep elf master archer
   470 | D        | Reached skill level 21 in Stealth
   471 | D        | Noticed an iron elemental
   471 | D        | Noticed an ice dragon
   477 | D        | Reached XP level 11. HP: 58/58 MP: 26/28
   485 | D        | Killed an iron elemental
   491 | D        | Reached skill level 22 in Stealth
   494 | D        | Reached ****** piety under Uskayaw
   495 | D        | Killed an ice dragon
   516 | D        | Identified the ring of Moral Flaws {Wiz Str+2}
   612 | D        | Bought a book of Burglary for 280 gold pieces
   630 | D        | Bought a potion of heal wounds for 70 gold pieces
   684 | D        | Noticed a kraken
   694 | D        | Slain by a tentacle

Illustrated notes

Levels and vault maps discovered:
D:        the_violet_keep_of_menkaure [sprint2_stairs_cluster_1,
          sprint2_shoproom, sprint2_temple, sprint2_basic_supplies,
          sprint2_obstacle_1, sprint2_obstacle_2, sprint2_obstacle_3,
          sprint2_obstacle_7, sprint2_obstacle_6, sprint2_timed_cluster_1,
          sprint2_smallroom_cluster_1, sprint2_smallroom_final_cluster_1,
          sprint2_transparent_cluster_1, sprint2_second_timed_cluster_1,
          sprint2_sniper_area_1, sprint2_heavy_combat_area_1,
          sprint2_mutation_trap_area_1, sprint2_forest_area_1,
          sprint2_light_combat_area_1, sprint2_behind_water_1,
          sprint2_near_end_vault_1]

Skill      XL: |  1  2  3  4  5  6  7  8  9 10 11 |
---------------+----------------------------------+-----
Stealth        | 9 11 12 13 15 16 17 19 21 22 | 22.2
Spellcasting   | 5 6 7 8 9 10 11 12 | 12.9
Hexes          | 5 6 7 8 10 11 12 14 15 | 15.0
Fighting       | 1 3 4 6 7 |  7.6
Short Blades   | 3 6 8 9 10 | 10.0
Dodging        | 4 6 7 8 10 11 12 | 12.4
Invocations    | 6 8 |  8.0

Action                   |  1- 3 |  4- 6 |  7- 9 | 10-12 || total
-------------------------+-------+-------+-------+-------++-------
Melee: Dagger            |     6 |    11 |    33 |    32 ||    82
 Cast: Confusing Touch   |       |       |     3 |     2 ||     5
       Ensorcelled Hiber |       |       |     2 |     2 ||     4
  Use: Potion            |     2 |       |       |     4 ||     6
 Stab: Sleeping          |     1 |     6 |    12 |    13 ||    32
       Invisible         |     2 |     1 |       |     5 ||     8
       Confused          |       |       |     3 |     1 ||     4
Armor: Robe              |       |       |     1 |     1 ||     2
Dodge: Dodged            |     4 |     2 |    14 |    19 ||    39
